 Dungeon Crawl Stone Soup version 0.30-a0-6-g7c9e10e132 (webtiles) character file.

Game seed: 8328681456406115107

1497202 ketsa the Crack Shot (level 27, 156/156 HPs)
             Began as a Gnoll Hunter on Aug 17, 2022.
             Was the Champion of Hepliaklqana.
             Escaped with the Orb
             ... and 3 runes on Aug 22, 2022!
             The game lasted 13:58:35 (89935 turns).

ketsa the Crack Shot (Gnoll Hunter)                Turns: 89935, Time: 13:58:36

Health: 156/156    AC: 30    Str: 11    XL:     27
Magic:  42/46      EV: 28    Int: 15    God:    Hepliaklqana [******]
Gold:   3016       SH: 18    Dex: 26    Spells: 2/64 levels left

rFire   + + .      SeeInvis .    b - +5 hand crossbow of Hafouny {flame, Dex+5}
rCold   + + .      Faith    .    R - +1 kite shield {AC+3}
rNeg    . . .      Spirit   .    i - +6 swamp dragon scales
rPois   +          Reflect  .    (helmet restricted)
rElec   +          Harm     .    n - +2 cloak {rCorr}
rCorr   +          Rampage  .    X - +1 pair of gloves "Dethrojeg" {rC+}
Will    +++++                    j - +0 pair of boots of Soxyiday {rC+ Regen+}
Stlth   +++.......               C - amulet of Xom's Bemusement {rF+ Will+ Regen+}
HPRegen 1.96/turn                B - ring of willpower
MPRegen 0.30/turn                r - ring "Otueluff" {rElec rF+}

@: mighty, brilliant, hasted, studying 2 skills, very quick
A: reduced essence, fangs 1, strong nose, distributed training, horns 1, frail
2, strong-willed 1, electricity resistance, weak 1
0: Orb of Zot
}: 3/15 runes: decaying, silver, gossamer
a: Renounce Religion, Recall Ancestor, Ancestor Identity, Transference, Idealise


You escaped.
You worshipped Hepliaklqana.
Hepliaklqana was exalted by your worship.
You visited 12 branches of the dungeon, and saw 56 of its levels.
You visited 1 bazaar.
You also visited: Ossuary and Ice Cave.

You collected 8447 gold pieces.
You spent 5431 gold pieces at shops.

Inventory:

Hand Weapons
 a - a +9 double sword of pain
 b - the +5 hand crossbow of Hafouny (weapon) {flame, Dex+5}
   (You bought it in a shop on level 6 of the Dungeon)

   Any ammunition fired from it burns those it strikes, dealing additional fire
   damage.
   Dex:       It affects your dexterity (+5).
 x - the +11 triple crossbow of Megalomania {flame, +Blink rElec rF- Int+9}
   (You found it on level 3 of the Elven Halls)

   Any ammunition fired from it burns those it strikes, dealing additional fire
   damage.
   Int:       It affects your intelligence (+9).
   rF:        It makes you vulnerable to fire.
   rElec:     It insulates you from electricity.
   +Blink:    It lets you blink.
 z - the +9 great sword of Qiaq {spect, rF+ rC+}
   (You took it off a deep elf death mage on level 3 of the Elven Halls)

   When its wielder attacks, the weapon's spirit leaps out and strikes again.
   The spirit shares a part of any damage it takes with its wielder.
   rF:        It protects you from fire.
   rC:        It protects you from cold.
Armour
 i - +6 swamp dragon scales (worn)
 j - the +0 pair of boots of Soxyiday (worn) {rC+ Regen+}
   (You found it on level 1 of the Lair of Beasts)

   rC:        It protects you from cold.
   Regen:     It increases your rate of health regeneration.
 n - a +2 cloak of preservation (worn)
 q - the +0 helmet of Ediy {rN+ Str+3}
   (You bought it in a shop in a bazaar)

   Str:       It affects your strength (+3).
   rN:        It protects you from negative energy.
 J - a +2 pair of boots of flying
 R - a +1 kite shield of protection (worn)
 X - the +1 pair of gloves "Dethrojeg" (worn) {rC+}
   (You found it on level 4 of the Depths)

   rC:        It protects you from cold.
Jewellery
 c - the amulet "Zusonnum" {rElec Regen+ Int+4}
   (You found it on level 3 of the Crypt)

   [amulet of regeneration]

   Int:       It affects your intelligence (+4).
   rElec:     It insulates you from electricity.
   Regen:     It increases your rate of health regeneration.
 h - a ring of positive energy
 k - the amulet of Xemeikeo {Reflect Regen+ Str+6 Int+2 SH+5 SInv}
   (You bought it in a shop in a bazaar)

   [amulet of reflection]

   It reflects blocked missile attacks.
   Str:       It affects your strength (+6).
   Int:       It affects your intelligence (+2).
   SInv:      It lets you see invisible.
   Regen:     It increases your rate of health regeneration.
   SH:        It affects your SH (+5).
 p - the ring "Ypnufur" {Str+5 Dex+6 SInv Stlth-}
   (You found it on level 3 of the Crypt)

   [ring of dexterity]

   Str:       It affects your strength (+5).
   Dex:       It affects your dexterity (+6).
   SInv:      It lets you see invisible.
   Stlth:     It makes you less stealthy.
 r - the ring "Otueluff" (right hand) {rElec rF+}
   (You found it on level 1 of the Elven Halls)

   [ring of protection from fire]

   rF:        It protects you from fire.
   rElec:     It insulates you from electricity.
 s - a ring of flight
 B - a ring of willpower (left hand)
 C - the amulet of Xom's Bemusement (around neck) {rF+ Will+ Regen+}
   (You found it on level 3 of the Crypt)

   [amulet of regeneration]

   rF:        It protects you from fire.
   Regen:     It increases your rate of health regeneration.
   Will:      It increases your willpower.
 M - the amulet "Fywi" {Reflect rF+ Int+3 SH+5}
   (You took it off a red draconian on level 1 of the Realm of Zot)

   [amulet of reflection]

   It reflects blocked missile attacks.
   Int:       It affects your intelligence (+3).
   rF:        It protects you from fire.
   SH:        It affects your SH (+5).
 Y - a ring of resist corrosion
Wands
 d - a wand of polymorph (34)
 l - a wand of quicksilver (28)
 o - a wand of digging (37)
 A - a wand of roots (25)
 F - a wand of mindburst (27)
 N - a wand of flame (130)
 Z - a wand of charming (37)
Scrolls
 v - 2 scrolls of silence
 y - 8 scrolls of teleportation
 I - 3 scrolls of amnesia
 K - 6 scrolls of poison
 Q - a scroll of brand weapon
 T - 13 scrolls of fog
 W - 7 scrolls of fear
Potions
 f - 11 potions of haste
 g - a potion of mutation
 m - 5 potions of magic
 t - 8 potions of berserk rage
 w - 8 potions of brilliance
 D - 7 potions of flight
 E - 2 potions of invisibility
 G - a potion of cancellation
 L - 5 potions of might
 O - 20 potions of ambrosia
 S - 17 potions of curing
 V - 7 potions of lignification
Miscellaneous
 e - a condenser vane
 u - a tin of tremorstones (2/2)
 H - a lightning rod (4/4)
 P - a phantom mirror
 U - a phial of floods


   Skills:
 + Level 19.9 Fighting
 + Level 19.4 Short Blades
 + Level 19.4 Long Blades
 + Level 19.4 Axes
 + Level 19.4 Maces & Flails
 + Level 19.4 Polearms
 + Level 19.4 Staves
 + Level 22.7 Ranged Weapons
 + Level 19.4 Throwing
 + Level 19.4 Armour
 + Level 21.8 Dodging
 + Level 19.6 Stealth
 + Level 19.4 Shields
 + Level 19.4 Unarmed Combat
 + Level 19.4 Spellcasting
 + Level 16.6 Conjurations
 + Level 16.6 Hexes
 + Level 16.6 Summonings
 + Level 16.6 Necromancy
 + Level 16.6 Translocations
 + Level 16.6 Transmutations
 + Level 16.6 Fire Magic
 + Level 16.6 Ice Magic
 + Level 16.6 Air Magic
 + Level 16.6 Earth Magic
 + Level 16.6 Poison Magic
 + Level 21.0 Invocations
 + Level 19.4 Evocations


You had 2 spell levels left.
You knew the following spells:

 Your Spells              Type           Power      Damage    Failure   Level
a - Blink                 Tloc           100%       N/A       0%          2
b - Iron Shot             Conj/Erth      38%        9d8       1%          6
c - Ozocubu's Armour      Ice            77%        N/A       1%          3
d - Fulminant Prism       Conj/Hex       38%        3d18      1%          4
e - Summon Lightning Spi  Summ/Air       77%        N/A       1%          4
f - Metabolic Englaciati  Hex/Ice        38%        N/A       1%          5
g - Olgreb's Toxic Radia  Pois           77%        N/A       1%          4
h - Swiftness             Air            77%        N/A       1%          3
i - Wereblood             Tmut           77%        N/A       0%          2
j - Iskenderun's Mystic   Conj/Tloc      77%        2d15      1%          4
k - Freezing Cloud        Conj/Ice/Air   38%        6-21      1%          5
l - Ignite Poison         Fire/Tmut/Pois 77%        N/A       1%          3
m - Statue Form           Tmut/Erth      51%        N/A       1%          6
n - Summon Forest         Summ/Tloc      38%        N/A       1%          5
o - Summon Cactus Giant   Summ           38%        N/A       1%          6

Your spell library contained the following spells:

 Spells                   Type           Power      Damage    Failure   Level
 Apportation              Tloc           100%       N/A       0%          1
 Beastly Appendage        Tmut           100%       N/A       0%          1
 Magic Dart               Conj           100%       1d8       0%          1
 Sandblast                Erth           100%       2d20      0%          1
 Shock                    Conj/Air       100%       1d9       0%          1
 Slow                     Hex            100%       N/A       0%          1
 Sting                    Tmut/Pois      100%       1d8       0%          1
 Call Imp                 Summ           77%        N/A       0%          2
 Passwall                 Tmut/Erth      64%        N/A       0%          2
 Poisonous Vapours        Pois/Air       100%       N/A       0%          2
 Scorch                   Fire           100%       2d10      0%          2
 Searing Ray              Conj           100%       2d8       0%          2
 Static Discharge         Conj/Air       77%        3-13/arc  0%          2
 Sublimation of Blood     Necr           77%        N/A       0%          2
 Confusing Touch          Hex            77%        N/A       1%          3
 Conjure Flame            Conj/Fire      77%        6-21      1%          3
 Dazzling Flash           Conj/Hex       100%       N/A       1%          3
 Gell's Gravitas          Tloc           77%        N/A       1%          3
 Inner Flame              Hex/Fire       77%        N/A       1%          3
 Lesser Beckoning         Tloc           77%        N/A       1%          3
 Mephitic Cloud           Conj/Pois/Air  77%        N/A       1%          3
 Portal Projectile        Hex/Tloc       100%       N/A       1%          3
 Spider Form              Tmut/Pois      77%        N/A       1%          3
 Summon Guardian Golem    Hex/Summ       77%        N/A       1%          3
 Teleport Other           Tloc           77%        N/A       1%          3
 Vampiric Draining        Necr           77%        2d11      1%          3
 Airstrike                Air            38%        2d(6-22)  1%          4
 Anguish                  Hex/Necr       38%        N/A       1%          4
 Animate Dead             Necr           77%        N/A       1%          4
 Cause Fear               Hex            38%        N/A       1%          4
 Flame Wave               Conj/Fire      77%        2d17      1%          4
 Leda's Liquefaction      Hex/Erth       38%        N/A       1%          4
 Sticky Flame             Conj/Fire      77%        2d9       1%          4
 Agony                    Necr           77%        N/A       1%          5
 Alistair's Intoxication  Tmut/Pois      51%        N/A       1%          5
 Borgnjor's Vile Clutch   Necr/Erth      38%        N/A       1%          5
 Fireball                 Conj/Fire      38%        3d16      1%          5
 Iskenderun's Battlesphe  Conj           77%        2d13      1%          5
 Lee's Rapid Deconstruct  Erth           38%        3d20*     1%          5
 Lightning Bolt           Conj/Air       38%        1d57      1%          5
 Manifold Assault         Tloc           77%        N/A       1%          5
 Silence                  Hex/Air        38%        N/A       1%          5
 Summon Mana Viper        Hex/Summ       77%        N/A       1%          5
 Yara's Violent Unravell  Hex/Tmut       38%        3d15      1%          5
 Conjure Ball Lightning   Conj/Air       38%        3x3d12    1%          6
 Dispersal                Tloc           38%        N/A       1%          6
 Eringya's Noxious Bog    Tmut/Pois      38%        N/A       1%          6
 Simulacrum               Ice/Necr       38%        N/A       1%          6
 Starburst                Conj/Fire      38%        6d11      1%          6
 Enfeeble                 Hex            38%        N/A       9%          7
 Orb of Destruction       Conj           38%        9d11      9%          7
 Ozocubu's Refrigeration  Ice            38%        4d16      9%          7
 Spellforged Servitor     Conj/Summ      38%        N/A       9%          7
 Storm Form               Tmut/Air       38%        N/A       9%          7
 Summon Hydra             Summ           38%        N/A       9%          7
 Borgnjor's Revivificati  Necr           38%        N/A       54%         8
 Discord                  Hex            38%        N/A       54%         8
 Disjunction              Tloc           38%        N/A       54%         8
 Ignition                 Fire           38%        3d11      54%         8
 Lehudib's Crystal Spear  Conj/Erth      38%        10d10     54%         8
 Chain Lightning          Conj/Air       38%        3d51      100%        9
 Polar Vortex             Ice            38%        N/A       100%        9


Dungeon Overview and Level Annotations

Branches:
Dungeon (15/15)            Temple (1/1) D:7            Lair (5/5) D:11
  Swamp (4/4) Lair:3       Spider (4/4) Lair:2        Slime (5/5) Lair:5
    Orc (2/2) D:12            Elf (3/3) Orc:2        Vaults (5/5) D:13
  Crypt (3/3) Vaults:2       Tomb (0/3) Crypt:3      Depths (4/4) D:15
    Zot (5/5) Depths:4    Ossuary (visited)           IceCv (visited)

Altars:
Ashenzari
Cheibriados
Dithmenos
Elyvilon
Fedhas
Gozag
Hepliaklqana
Kikubaaqudgha
Makhleb
Nemelex Xobeh
Okawaru
Qazlal
Ru
Sif Muna
Trog
Uskayaw
Vehumet
Wu Jian
Xom
Yredelemnul
Zin
The Shining One
Jiyva

Shops:
D:5 ?   D:6 (   Orc:2 (:?*   Vaults:2 !   Vaults:3 [   Vaults:4 !
Depths:1 **[!*   Depths:2 !

Portals:
Hell: Depths:1 Depths:2 Depths:3 Depths:4
Abyss: D:5 Depths:3
Pandemonium: Orc:2 Depths:2
Ziggurat: Depths:4

Annotations:
D:5 exclusion: downstairs
Swamp:1 exclusion: downstairs
Slime:5 Royal Jelly
Elf:2 exclusion: downstairs
Crypt:1 2 transporters, Kichio's ghost, adept OpEE
Depths:1 2 transporters, exclusion: 2 downstairs
Depths:2 exclusion: downstairs
Depths:3 exclusion: downstairs
Depths:4 3 runed translucent doors, Pein's ghost, veteran DrFE
Zot:2 exclusion: downstairs


Innate Abilities, Weirdness & Mutations

Your life essence is reduced to manifest your ancestor. (-10% HP)
You have very sharp teeth.
Your uncanny sense of smell can sniff out nearby items.
Your experience applies equally to all skills.
You have a pair of small horns on your head.
You are very frail. (-20% HP)
You are strong-willed. (Will+)
You are resistant to electric shocks. (rElec)
You are weak. (Str -2)


Message History

Fire: b) +5 hand crossbow of Hafouny {flame, Dex+5}
Press: ? - help, Q - select action, (/) - cycle Shift-Dir - straight line, f/p - Orb Guardian
Aim: an Orb Guardian (ally target, 75% to hit)
You shoot a bolt. Cuetlachtli avoids your attack.
The bolt hits the Orb Guardian but does no damage.
Cuetlachtli blocks the Orb Guardian's attack.
Cuetlachtli hits the Orb Guardian with a +0 broad axe of speed!
The Orb Guardian hits Cuetlachtli!
Cuetlachtli hits the Orb Guardian with a +0 broad axe of speed!
Fire: b) +5 hand crossbow of Hafouny {flame, Dex+5}
Press: ? - help, Q - select action, (/) - cycle Shift-Dir - straight line, f/p - Orb Guardian
Aim: an Orb Guardian (moderately wounded, ally target, 75% to hit)
You shoot a bolt. Cuetlachtli avoids your attack.
The bolt hits the Orb Guardian but does no damage.
The Orb Guardian is moderately wounded.
Cuetlachtli hits the Orb Guardian with a +0 broad axe of speed!!
The Orb Guardian hits Cuetlachtli!!!
Cuetlachtli hits the Orb Guardian with a +0 broad axe of speed!
Fire: b) +5 hand crossbow of Hafouny {flame, Dex+5}
Press: ? - help, Q - select action, (/) - cycle Shift-Dir - straight line, f/p - Orb Guardian
Aim: an Orb Guardian (severely wounded, ally target, 75% to hit)
You shoot a bolt. Cuetlachtli avoids your attack.
The bolt hits the Orb Guardian!!
The bolt burns the Orb Guardian!
The Orb Guardian is almost dead.
The Orb Guardian hits Cuetlachtli!!
Cuetlachtli hits the Orb Guardian with a +0 broad axe of speed!
The Orb Guardian dies!
There is a large open door here.
There is a staircase leading out of the dungeon here.
You feel yourself speed up.
You feel clever all of a sudden.
You feel very mighty all of a sudden.
Really quaff the potion of lignification?
Okay, then.
Char dumped successfully.
Hepliaklqana grants Cuetlachtli healing and protection!
Cuetlachtli is fully restored!
Okay, then.
You have escaped!

...#
#''#.....#.#.#
##.#
#..###.#.....#
...#
###''###.###.###
...#
#...§§.#####.#
...#
#.§§≈§.##....#
.#.###
#.§§§§.#######
.....# #......#
.###.####
###R'###
.#......# #@.#
........## ####
.........#
...#.##..#
...#..#..#
...##.#..#
#........#
#........#
.####.####


You could see the friendly Cuetlachtli the knight (idealised, reflecting).

Vanquished Creatures
  3 dread liches
  An ancient lich (Zot:5)
  5 orbs of fire
  Sojobo (Depths:1)
  Vv (Zot:3)
  Bai Suzhen (Elf:3)
  Frederick (Crypt:2)
  A Killer Klown (Zot:5)
  Saint Roka (Depths:4)
  Xtahua (Vaults:4)
  the Enchantress (Depths:3)
  5 golden dragons
  An electric golem (Zot:2)
  5 tentacled monstrosities
  Jorgrun (Swamp:2)
  Rupert (Vaults:4)
  Mlioglotl (Spider:4)
  2 deep elf blademasters (Elf:3)
  A shard shrike skeleton (Crypt:3)
  2 titans (Vaults:5)
  14 Orb Guardians
  A lich (Depths:3)
  7 quicksilver dragons
  5 acid blobs
  An Executioner (Zot:3)
  A death cob (Zot:5)
  2 deep elf master archers (Elf:3)
  A sphinx (shapeshifter) (Elf:2)
  8 storm dragons
  Agnes (Vaults:4)
  Frances (Elf:1)
  An ancient champion (Vaults:4)
  4 sphinxes
  Kirke (Swamp:3)
  2 revenants (Crypt:3)
  6 shadow dragons
  A thorn hunter (Swamp:3)
  4 tengu reavers
  Roxanne (Swamp:3)
  Donald (Spider:4)
  6 frost giants
  7 draconian monks
  2 azure jellies
  3 draconian knights
  4 fire giants
  An iron dragon (Vaults:5)
  2 ghost moths
  An orc warlord (Vaults:3)
  A spectral juggernaut (Crypt:3)
  3 emperor scorpions (Spider:4)
  A cacodemon (Depths:1)
  A draconian shifter (Zot:3)
  A deep elf sorcerer (Vaults:3)
  A draconian scorcher (Zot:4)
  8 vault wardens
  8 ironbound preservers
  9 very ugly things
  4 spriggan defenders
  2 curse skulls
  2 deep elf elementalists (Elf:3)
  A war gargoyle (Vaults:1)
  A reaper (Crypt:3)
  14 stone giants
  6 ghouls
  2 broodmothers
  9 green draconians
  4 quicksilver oozes
  5 ironbound thunderhulks
  10 vampire knights
  7 red draconians
  4 deep elf annihilators
  A bunyip (Swamp:3)
  3 black draconians
  7 deep elf demonologists
  An eleionoma (Swamp:2)
  6 dire elephants
  9 purple draconians
  2 entropy weavers
  The ghost of yokelz the Carver, a journeyman MiBe of Trog (D:12)
  5 spark wasps
  6 white draconians
  3 deep elf death magi
  A green death (Swamp:4)
  8 ettins
  A jiangshi (Crypt:2)
  4 crystal guardians
  3 spectral quicksilver dragons (Crypt:3)
  4 deep elf high priests
  6 yaktaur captains
  2 eidola (Crypt:3)
  5 fire dragons
  3 rakshasas
  6 ice dragons
  4 boulder beetles
  Fannar (D:11)
  9 hydras
  4 peacekeepers
  3 ghost crabs
  4 great orbs of eyes
  3 spriggan air magi
  23 vault guards
  9 two-headed ogres
  2 catoblepae (Lair:5)
  3 death knights
  A jorogumo (Spider:4)
  A demonspawn (Orc:2)
  An ogre mage (Vaults:5)
  7 ironbound frosthearts
  23 dancing weapons
  4 centaur warriors
  6 deep troll shamans
  6 alligators
  4 orc high priests (Orc:2)
  13 death yaks
  5 tengu warriors
  2 vampire magi
  5 deep troll earth magi
  A thrashing horror (Swamp:4)
  2 hell knights (Depths:2)
  A spectral naga (Crypt:3)
  6 spriggan berserkers
  2 soul eaters
  A spectral storm dragon (Crypt:3)
  14 deep elf knights
  5 iron trolls
  11 skeletal warriors
  3 shadow wraiths
  2 spectral bunyips (Crypt:3)
  A death drake (Depths:3)
  A sun moth (Spider:1)
  A glowing orange brain (shapeshifter) (Vaults:5)
  6 pharaoh ants
  A spectral minotaur (Crypt:3)
  12 bog bodies
  3 spriggan druids
  5 flayed ghosts (Crypt:3)
  A shadow demon (Zot:1)
  40 deep trolls
  4 glowing orange brains
  6 goliath frogs
  A spectral anaconda (Crypt:3)
  13 ironbound convokers
  3 steelbarb worms
  7 phantasmal warriors
  A swamp dragon (Swamp:3)
  3 orb spiders
  2 spriggan simulacra (Crypt:3)
  3 wizards
  2 necromancers
  6 harpies
  4 lindwurms
  Pikel (D:5)
  3 orc knights (Orc:2)
  A deep elf archer (Elf:1)
  4 large abominations
  18 deep elf pyromancers
  18 ugly things
  An anaconda skeleton (Crypt:3)
  2 cyclopes
  2 oklob plants (Lair:5)
  7 orc sorcerers
  A frost giant zombie (Depths:3)
  11 deep elf zephyrmancers
  4 manticores
  A shining eye (Slime:2)
  21 elephants
  11 wolf spiders
  2 spectral centaurs (Crypt:3)
  A will-o-the-wisp (Swamp:4)
  17 moths of wrath
  A jorogumo skeleton (Crypt:2)
  13 vault sentinels
  A water nymph (shapeshifter) (Depths:3)
  A rust devil (D:13)
  A torpor snail (Spider:4)
  8 cane toads
  2 eyes of devastation
  A naga skeleton (Crypt:3)
  2 gargoyles
  An eye of devastation (shapeshifter) (Depths:2)
  2 orange demons (Swamp:4)
  An unseen horror (D:12)
  A purple draconian zombie (Crypt:2)
  7 komodo dragons
  An unseen horror (shapeshifter) (Vaults:5)
  2 demonic crawlers (Spider:4)
  A hellion (Zot:1)
  2 catoblepas skeletons
  4 rime drakes
  6 freezing wraiths
  A hellwing (Orc:2)
  A rime drake (shapeshifter) (D:15)
  10 yaktaurs
  3 tengu conjurers
  A tormentor (D:4)
  2 spectral harpies (Crypt:3)
  A yaktaur (shapeshifter) (D:14)
  An ice devil (Zot:4)
  A meliai (shapeshifter) (Vaults:5)
  A bloated husk (Swamp:1)
  A polar bear (Lair:2)
  A queen bee (D:11)
  Grinder (D:6)
  6 trolls
  19 tarantellas
  4 meliai
  8 hornets
  5 tyrant leeches
  A harpy skeleton (Crypt:1)
  43 slime creatures
  3 blink frogs
  A satyr zombie (Crypt:2)
  8 dream sheep (Lair:5)
  A frost giant simulacrum (Depths:3)
  13 jumping spiders
  A centaur simulacrum (D:13)
  12 culicivoras
  3 spriggans
  2 shadows
  2 wyverns
  28 yaks
  3 hogs (Swamp:3)
  2 air elementals (Elf:1)
  6 fire elementals
  3 wraiths
  4 water elementals
  10 golden eyes
  2 basilisks
  26 redbacks
  A harpy simulacrum (Crypt:3)
  A redback (shapeshifter) (Vaults:5)
  5 vampire mosquitoes
  A warg (shapeshifter) (Elf:1)
  10 swamp worms
  11 water moccasins
  2 wargs
  A floating eye (shapeshifter) (Vaults:5)
  A deep troll skeleton (Crypt:3)
  Duvessa (D:4)
  3 swamp drakes
  A floating eye (Depths:2)
  5 ice beasts
  A great orb of eyes simulacrum (IceCv)
  A black bear (D:6)
  19 orc warriors
  5 wolves
  The ghost of Nebesus the Sneak, an amateur NaNe (D:5)
  5 ogres
  7 centaurs
  A floating eye zombie (Crypt:2)
  A shining eye zombie (Crypt:3)
  2 phantoms
  A slime creature simulacrum (IceCv)
  An elf zombie (Elf:1)
  The ghost of Shym the Digger, an amateur GrEE (D:4)
  A nameless horror (Vaults:5)
  9 bullfrogs
  5 necrophages
  2 small abominations
  A glowing shapeshifter simulacrum (IceCv)
  An earth elemental (Elf:2)
  An elf skeleton (D:8)
  A wyvern skeleton (Crypt:2)
  Dowan (D:4)
  14 killer bees
  A yak skeleton (Crypt:2)
  14 electric eels
  2 howler monkeys
  2 crimson imps
  2 bullfrog zombies (Ossuary)
  A quasit (D:5)
  2 gnoll boudas
  A jelly (D:5)
  4 hounds
  A centaur zombie (Ossuary)
  15 orc priests
  A human skeleton (D:8)
  3 iguanas
  Terence (D:2)
  14 orc wizards
  2 hell rats
  A statue (D:9)
  A shapeshifter simulacrum (IceCv)
  3 ogre zombies (D:12)
  12 gnolls
  An adder (shapeshifter) (Vaults:5)
  10 adders
  A white imp (D:6)
  An ufetubus (D:7)
  2 adder zombies (Ossuary)
  2 worms
  3 dart slugs (D:1)
  47 orcs
  8 endoplasms
  A giant cockroach (D:2)
  5 goblins
  5 hobgoblins
  2 jackals (D:5)
  10 kobolds
  4 quokkas
  3 training dummies (D:6)
  4 ball pythons
  7 bats
  An endoplasm zombie (Crypt:3)
  8 frilled lizards
  4 gnoll zombies (Ossuary)
  2 goblin skeletons (D:12)
  A goblin zombie (Ossuary)
  5 hobgoblin zombies
  A kobold skeleton (Crypt:3)
  An orc skeleton (D:12)
  5 orc zombies
  3 rats
  A fungus (Depths:4)
1414 creatures vanquished.

Vanquished Creatures (collateral kills)
  2 dread liches (Zot:5)
  A juggernaut (Depths:2)
  3 Killer Klowns (Zot:5)
  A pandemonium lord (Zot:4)
  Jory (Vaults:3)
  7 golden dragons
  2 electric golems (Zot:5)
  Zenata (Elf:1)
  6 tentacled monstrosities
  15 Orb Guardians
  3 Hell Sentinels
  A lich (Vaults:5)
  3 titans (Vaults:5)
  3 quicksilver dragons
  2 death cobs
  5 acid blobs (Slime:5)
  A sphinx (Vaults:5)
  2 ancient champions (Crypt:1)
  5 shadow dragons
  7 storm dragons
  8 draconian monks
  5 fire giants
  5 tengu reavers
  3 revenants
  2 azure jellies
  An iron dragon (Vaults:5)
  2 frost giants
  A demonspawn warmonger (D:10)
  2 ghost moths
  3 emperor scorpions (Spider:4)
  3 deep elf sorcerers
  Aizul (Elf:2)
  2 balrugs
  9 vault wardens
  4 draconian stormcallers
  A draconian scorcher (Zot:3)
  17 ironbound preservers
  3 ghouls
  2 deep elf elementalists (Elf:3)
  A quicksilver ooze (shapeshifter) (Depths:3)
  A reaper (Crypt:3)
  A demonspawn blood saint (Zot:1)
  3 curse skulls
  4 draconian annihilators
  9 very ugly things
  12 green draconians
  A spriggan defender (Depths:1)
  4 ironbound thunderhulks
  3 stone giants
  A quicksilver ooze (Slime:5)
  Nessos (Lair:4)
  2 war gargoyles (Vaults:5)
  5 vampire knights
  4 yellow draconians
  An entropy weaver (Spider:2)
  A dire elephant (Vaults:4)
  2 deep elf demonologists (Elf:3)
  3 deep elf annihilators
  3 eleionomae
  Azrael (D:14)
  8 black draconians
  6 purple draconians
  7 white draconians
  A spark wasp (Spider:2)
  A bunyip (Swamp:4)
  A green death (Swamp:4)
  6 red draconians
  7 eidola
  A spectral quicksilver dragon (Crypt:3)
  10 deep elf death magi
  3 jiangshi
  4 ettins
  2 crystal guardians (Vaults:4)
  2 fire dragons
  7 yaktaur captains
  4 great orbs of eyes
  Erolcha (Orc:2)
  A rakshasa (Zot:1)
  A spriggan zombie (Crypt:3)
  8 vault guards
  A peacekeeper (Vaults:4)
  A spectral spriggan (Crypt:3)
  3 hydras
  A demonspawn (Orc:2)
  4 ice dragons
  An ogre mage (Vaults:5)
  7 spriggan air magi
  A spectral fenstrider witch (Crypt:3)
  A caustic shrike simulacrum (Crypt:3)
  3 boulder beetles
  3 two-headed ogres
  2 catoblepae
  2 radroaches
  A spriggan skeleton (Crypt:3)
  A death knight (Crypt:3)
  A ghost crab (Swamp:1)
  4 deep troll shamans
  A spectral stone giant (Crypt:3)
  An alligator (Swamp:3)
  2 vampire magi
  An orc high priest (Orc:2)
  2 spectral nagas (Crypt:3)
  2 tengu warriors
  7 dancing weapons
  5 deep troll earth magi
  5 hell knights (Depths:2)
  A spectral storm dragon (Crypt:3)
  7 death yaks
  A storm dragon zombie (Crypt:1)
  6 deep elf knights
  3 spriggan berserkers
  A soul eater (Orc:2)
  A shadow wraith (Crypt:3)
  A sixfirhy (Depths:1)
  8 skeletal warriors
  A death drake (Depths:4)
  2 goliath frogs
  4 pharaoh ants
  30 deep trolls
  8 bog bodies
  A spectral anaconda (Crypt:3)
  4 deep elf archers
  A bunyip zombie (Crypt:1)
  3 wizards
  A glowing orange brain (D:12)
  4 flayed ghosts (Crypt:3)
  5 swamp dragons (Swamp:4)
  A spriggan simulacrum (Crypt:3)
  An iron giant skeleton (Crypt:3)
  16 phantasmal warriors
  8 ironbound convokers
  10 deep elf zephyrmancers
  6 necromancers
  5 orc knights
  6 deep elf pyromancers
  An iron dragon zombie (Depths:3)
  A harpy (Vaults:5)
  5 wolf spiders
  2 orc sorcerers
  6 moths of wrath
  An oklob plant (Lair:5)
  2 will-o-the-wisps
  2 shining eyes
  A cyclops (D:13)
  A manticore (D:12)
  A frost giant zombie (Depths:3)
  A cyclops (shapeshifter) (Vaults:4)
  7 elephants (Lair:3)
  Maurice (Orc:1)
  A black mamba (Lair:3)
  20 ugly things
  2 spectral centaurs (Crypt:3)
  A dire elephant zombie (Crypt:1)
  10 vault sentinels
  A water nymph (shapeshifter) (Vaults:5)
  A stone giant skeleton (Crypt:1)
  2 torpor snails
  An unseen horror (D:12)
  10 cane toads
  An efreet (D:15)
  3 komodo dragons
  2 demonic crawlers
  14 yaktaurs
  A minotaur zombie (Crypt:3)
  3 rime drakes
  9 freezing wraiths
  A yaktaur (shapeshifter) (D:14)
  A death yak zombie (Crypt:2)
  2 harpy zombies (Crypt:1)
  5 tyrant leeches
  2 trolls
  A red devil (Zot:5)
  2 meliai
  A queen bee (D:12)
  3 hornets
  8 tarantellas
  A fire dragon zombie (Crypt:1)
  3 blink frogs
  40 slime creatures
  4 dream sheep (Lair:5)
  Sigmund (D:4)
  4 culicivoras
  A great orb of eyes zombie (Crypt:1)
  2 shadows
  An air elemental (Elf:1)
  An ettin skeleton (Crypt:1)
  An ice dragon skeleton (Crypt:3)
  9 spriggans
  A fire dragon skeleton (Crypt:3)
  A large abomination (Swamp:4)
  A water elemental (D:11)
  A wyvern (D:9)
  2 jumping spiders
  4 wraiths
  15 yaks
  2 basilisks
  10 redbacks
  4 golden eyes
  3 fire elementals
  3 vampire mosquitoes
  2 chaos spawn
  2 wargs
  2 swamp worms
  A hell hound (D:14)
  2 acid dragons
  5 water moccasins
  A knight (Spider:4)
  10 orc warriors
  A black bear (shapeshifter) (Elf:1)
  A great orb of eyes simulacrum (IceCv)
  A golden eye zombie (Crypt:2)
  6 wolves
  4 centaurs
  2 elf zombies
  4 bullfrogs
  5 necrophages
  2 earth elementals
  2 glowing shapeshifter simulacra (IceCv)
  A water moccasin zombie (Ossuary)
  A troll zombie (D:12)
  17 killer bees
  A howler monkey (D:9)
  5 electric eels
  2 centaur zombies
  12 orc priests
  2 human skeletons (D:8)
  An iguana (D:9)
  A scorpion zombie (Ossuary)
  4 orc wizards
  A hell rat (Lair:4)
  4 ogre zombies (D:12)
  An ice beast zombie (Crypt:2)
  A gnoll (D:6)
  An ufetubus (D:5)
  An iguana skeleton (Crypt:1)
  A dart slug (D:4)
  20 orcs
  A gnoll zombie (Ossuary)
  A frilled lizard (D:9)
  A goblin skeleton (Crypt:3)
  7 goblin zombies
  2 hobgoblin skeletons (D:12)
  4 hobgoblin zombies
  2 orc skeletons
  6 orc zombies (D:12)
  A plant (Depths:4)
908 creatures vanquished.

Vanquished Creatures (others)
  A lich (Depths:2)
  A stone giant (Depths:2)
  A demonspawn blood saint (D:10)
  A yaktaur captain (Vaults:5)
  A deep elf archer (Elf:1)
  An ugly thing (Swamp:4)
  A moth of wrath (Zot:3)
  3 yaktaurs
  2 bloated husks (Swamp:3)
  An orc warrior (Depths:3)
  A small abomination (Zot:5)
  An ancestor (D:8)
  64 knights
  A bush (D:7)
  11 foxfires
  12 fulminant prisms
  72 fungi
  130 plants
  5 snaplasher vines
310 creatures vanquished.

Grand Total: 2632 creatures vanquished

Notes
Turn   | Place    | Note
-------+----------+-------------------------------------------
     0 | D:1      | ketsa the Gnoll Hunter began the quest for the Orb.
     0 | D:1      | Reached XP level 1. HP: 20/20 MP: 1/1
   180 | D:1      | Reached XP level 2. HP: 26/26 MP: 2/2
   490 | D:1      | Reached XP level 3. HP: 31/31 MP: 3/3
   725 | D:2      | Reached skill level 1 in Invocations
   750 | D:2      | Reached skill level 1 in Short Blades
   750 | D:2      | Reached skill level 1 in Long Blades
   750 | D:2      | Reached skill level 1 in Axes
   750 | D:2      | Reached skill level 1 in Maces & Flails
   750 | D:2      | Reached skill level 1 in Polearms
   750 | D:2      | Reached skill level 1 in Staves
   750 | D:2      | Reached skill level 1 in Throwing
   750 | D:2      | Reached skill level 1 in Armour
   750 | D:2      | Reached skill level 1 in Shields
   750 | D:2      | Reached skill level 1 in Unarmed Combat
   750 | D:2      | Reached skill level 1 in Spellcasting
   750 | D:2      | Reached skill level 1 in Evocations
   895 | D:2      | You fall into a shaft and drop 1 floor!
   918 | D:3      | Reached XP level 4. HP: 38/38 MP: 5/5
   983 | D:2      | Found a white marble altar of Elyvilon.
  1210 | D:2      | Noticed Terence
  1264 | D:2      | Reached skill level 1 in Conjurations
  1264 | D:2      | Reached skill level 1 in Hexes
  1264 | D:2      | Reached skill level 1 in Summonings
  1264 | D:2      | Reached skill level 1 in Necromancy
  1264 | D:2      | Reached skill level 1 in Translocations
  1264 | D:2      | Reached skill level 1 in Transmutations
  1264 | D:2      | Reached skill level 1 in Fire Magic
  1264 | D:2      | Reached skill level 1 in Ice Magic
  1264 | D:2      | Reached skill level 1 in Air Magic
  1264 | D:2      | Reached skill level 1 in Earth Magic
  1264 | D:2      | Reached skill level 1 in Poison Magic
  1715 | D:3      | Found a faded altar of an unknown god.
  2150 | D:3      | Found a white marble altar of Elyvilon.
  2270 | D:4      | Noticed Sigmund
  2347 | D:4      | Identified the +4 dagger "Gocvaop" {vorpal, rElec Int+5}
  2414 | D:4      | Reached XP level 5. HP: 43/43 MP: 7/7
  2475 | D:4      | Found an iron altar of Okawaru.
  2811 | D:4      | Noticed Dowan
  2812 | D:4      | Noticed Duvessa
  2910 | D:4      | Found a large runed translucent door.
  2917 | D:4      | Found a large runed translucent door.
  2945 | D:4      | Noticed Shym's ghost (amateur GrEE)
  3101 | D:5      | Entered Level 5 of the Dungeon
  3320 | D:5      | Noticed Nebesus's ghost (amateur NaNe)
  3324 | D:5      | Found a transporter.
  3326 | D:5      | Found a one-way gate to the infinite horrors of the Abyss.
  3327 | D:5      | Noticed an ice beast
  3357 | D:5      | Reached XP level 6. HP: 44/50 MP: 8/8
  3411 | D:5      | Noticed Pikel
  3729 | D:5      | Reached skill level 5 in Fighting
  3729 | D:5      | Reached skill level 5 in Dodging
  3771 | D:5      | Found a transporter.
  3847 | D:5      | Killed Pikel
  3848 | D:5      | Reached skill level 9 in Ranged Weapons
  3848 | D:5      | Reached XP level 7. HP: 20/56 MP: 8/11
  4104 | D:5      | Found a shimmering blue altar of Sif Muna.
  4104 | D:5      | Found a basalt altar of Yredelemnul.
  4111 | D:5      | Found a hazy altar of Hepliaklqana.
  4111 | D:5      | Found a stormy altar of Qazlal.
  4113 | D:5      | Found a shadowy altar of Dithmenos.
  4470 | D:5      | Reached XP level 8. HP: 63/63 MP: 12/12
  4591 | D:5      | Found Nuorut's Magic Scroll Shoppe.
  4845 | D:6      | Found a shimmering altar of Xom.
  4880 | D:5      | Became a worshipper of Hepliaklqana the Forgotten
  5366 | D:6      | Noticed Grinder
  5370 | D:6      | Paralysed by Grinder for 4 turns
  5580 | D:6      | Found Kotsohos's Firing Range.
  5743 | D:6      | Learned a level 2 spell: Blink
  6632 | D:7      | Reached XP level 9. HP: 37/69 MP: 14/14
  7339 | D:7      | Found a staircase to the Ecumenical Temple.
  7352 | Temple   | Entered the Ecumenical Temple
  7532 | D:7      | Reached * piety under Hepliaklqana
  7666 | D:7      | Reached skill level 5 in Stealth
  8257 | D:8      | Reached skill level 5 in Invocations
  8467 | D:8      | Found a sand-covered staircase.
  8478 | Ossuary  | Entered an ossuary
  8851 | Ossuary  | Noticed a silent spectre
  9168 | D:8      | Reached skill level 5 in Short Blades
  9168 | D:8      | Reached skill level 5 in Long Blades
  9168 | D:8      | Reached skill level 5 in Axes
  9168 | D:8      | Reached skill level 5 in Maces & Flails
  9168 | D:8      | Reached skill level 5 in Polearms
  9168 | D:8      | Reached skill level 5 in Staves
  9168 | D:8      | Reached skill level 5 in Throwing
  9168 | D:8      | Reached skill level 5 in Armour
  9168 | D:8      | Reached skill level 5 in Shields
  9168 | D:8      | Reached skill level 5 in Unarmed Combat
  9168 | D:8      | Reached skill level 5 in Spellcasting
  9168 | D:8      | Reached skill level 5 in Evocations
  9168 | D:8      | Reached XP level 10. HP: 69/69 MP: 17/17
  9189 | D:8      | Noticed a two-headed ogre
  9454 | D:8      | Identified the +0 leather armour of Kohuilei {Slay+3}
  9459 | D:8      | Reached ** piety under Hepliaklqana
  9460 | D:8      | Remembered your ancestor Cuetlachtli as a knight
  9473 | D:8      | Reached skill level 10 in Ranged Weapons
  9610 | D:8      | Killed a two-headed ogre
 10806 | D:2      | Killed Terence
 10859 | D:4      | Killed Sigmund
 10934 | D:4      | Killed Shym's ghost
 11057 | D:6      | Killed Grinder
 11402 | D:8      | Found a bloodstained altar of Trog.
 12023 | D:9      | Reached skill level 5 in Conjurations
 12023 | D:9      | Reached skill level 5 in Hexes
 12023 | D:9      | Reached skill level 5 in Summonings
 12023 | D:9      | Reached skill level 5 in Necromancy
 12023 | D:9      | Reached skill level 5 in Translocations
 12023 | D:9      | Reached skill level 5 in Transmutations
 12023 | D:9      | Reached skill level 5 in Fire Magic
 12023 | D:9      | Reached skill level 5 in Ice Magic
 12023 | D:9      | Reached skill level 5 in Air Magic
 12023 | D:9      | Reached skill level 5 in Earth Magic
 12023 | D:9      | Reached skill level 5 in Poison Magic
 12098 | D:9      | Reached XP level 11. HP: 70/76 MP: 20/20
 12151 | D:9      | Found a radiant altar of Vehumet.
 12589 | D:10     | Entered Level 10 of the Dungeon
 12846 | D:10     | Reached *** piety under Hepliaklqana
 12879 | D:10     | Noticed a two-headed ogre
 12891 | D:10     | Killed a two-headed ogre
 12933 | D:10     | Noticed a two-headed ogre
 12940 | D:10     | Killed a two-headed ogre
 13278 | D:11     | Noticed a cyclops
 13282 | D:11     | Killed a cyclops
 13303 | D:11     | Found a staircase to the Lair.
 13447 | D:11     | Noticed Fannar
 13632 | D:11     | Reached skill level 11 in Ranged Weapons
 13699 | D:11     | Noticed a two-headed ogre
 13707 | D:11     | Killed a two-headed ogre
 13936 | D:11     | Killed Fannar
 13937 | D:11     | Reached XP level 12. HP: 65/84 MP: 22/22
 14389 | Lair:1   | Entered Level 1 of the Lair of Beasts
 15040 | Lair:1   | Reached **** piety under Hepliaklqana
 15947 | Lair:1   | Identified the +0 pair of boots of Soxyiday {rC+ Regen+}
 16182 | Lair:2   | Noticed an eight-headed hydra
 16183 | Lair:2   | Noticed a death yak
 16183 | Lair:2   | Noticed a death yak
 16193 | Lair:2   | Killed an eight-headed hydra
 16193 | Lair:2   | Noticed a death yak
 16202 | Lair:2   | Noticed a death yak
 16203 | Lair:2   | Noticed a death yak
 16339 | Lair:2   | Noticed a five-headed hydra
 16345 | Lair:2   | Killed a five-headed hydra
 16652 | Lair:2   | Found a frozen archway.
 16663 | IceCv    | Entered an ice cave
 16800 | IceCv    | Reached XP level 13. HP: 90/90 MP: 25/25
 17128 | Lair:2   | Found a hole to the Spider Nest.
 17146 | Spider:1 | Entered Level 1 of the Spider Nest
 18154 | Lair:3   | Reached skill level 12 in Ranged Weapons
 18821 | Lair:3   | Found a staircase to the Swamp.
 18828 | Swamp:1  | Entered Level 1 of the Swamp
 18896 | Lair:3   | Reached ***** piety under Hepliaklqana
 18962 | Lair:3   | Reached skill level 10 in Fighting
 18962 | Lair:3   | Reached skill level 10 in Dodging
 19112 | Lair:3   | Noticed a dire elephant
 19344 | Lair:3   | Killed a dire elephant
 19732 | Lair:3   | Reached XP level 14. HP: 75/99 MP: 27/27
 19813 | Lair:3   | Reached skill level 10 in Invocations
 20673 | Lair:4   | Noticed Nessos
 20934 | Lair:5   | Entered Level 5 of the Lair of Beasts
 21863 | Lair:5   | Reached skill level 10 in Stealth
 22377 | D:12     | Found a staircase to the Orcish Mines.
 22480 | D:12     | Found a glowing golden altar of the Shining One.
 22587 | D:12     | Found a transporter.
 22591 | D:12     | Found a transporter.
 22592 | D:12     | Noticed yokelz's ghost (journeyman MiBe)
 23011 | Orc:1    | Entered Level 1 of the Orcish Mines
 23385 | Orc:2    | Entered Level 2 of the Orcish Mines
 23416 | Orc:2    | Reached skill level 10 in Short Blades
 23416 | Orc:2    | Reached skill level 10 in Long Blades
 23416 | Orc:2    | Reached skill level 10 in Axes
 23416 | Orc:2    | Reached skill level 10 in Maces & Flails
 23416 | Orc:2    | Reached skill level 10 in Polearms
 23416 | Orc:2    | Reached skill level 10 in Staves
 23416 | Orc:2    | Reached skill level 10 in Throwing
 23416 | Orc:2    | Reached skill level 10 in Armour
 23416 | Orc:2    | Reached skill level 10 in Shields
 23416 | Orc:2    | Reached skill level 10 in Unarmed Combat
 23416 | Orc:2    | Reached skill level 10 in Spellcasting
 23416 | Orc:2    | Reached skill level 10 in Evocations
 23498 | Orc:1    | Noticed Maurice
 23507 | Orc:1    | Killed Maurice
 23633 | Orc:2    | Noticed Erolcha
 23746 | Orc:2    | Reached skill level 13 in Ranged Weapons
 23901 | D:13     | Found a gate leading to a gauntlet.
 23991 | D:13     | Reached XP level 15. HP: 106/106 MP: 29/29
 24313 | D:6      | Bought the +5 hand crossbow of Hafouny {flame, Dex+5} for
                  | 634 gold pieces
 24576 | D:13     | Found a gate to the Vaults.
 24744 | D:13     | Reached ****** piety under Hepliaklqana
 25230 | D:12     | Learned a level 2 spell: Poisonous Vapours
 25234 | D:12     | Learned a level 3 spell: Ozocubu's Armour
 26150 | D:14     | Noticed Azrael
 26696 | Lair:5   | Found a viscous altar of Jiyva.
 26700 | Lair:5   | Found a staircase to the Slime Pits.
 26759 | Slime:1  | Entered Level 1 of the Pits of Slime
 27529 | Lair:5   | Upgraded the game from 0.29-a0-1052-g6990b1bffc to
                  | 0.29-a0-1065-g47a6bb87d6
 28117 | Orc:2    | Reached XP level 16. HP: 114/114 MP: 30/30
 28177 | Orc:2    | Killed Erolcha
 28340 | Orc:2    | Found Ratwyeh's Magic Scroll Emporium.
 28352 | Orc:2    | Found Adghionu's General Store.
 28593 | Orc:2    | Found Zen Coff's Book Shop.
 28593 | Orc:2    | Found Tiocs's Antique Weapon Boutique.
 28604 | Orc:2    | Found a one-way gate leading to the halls of Pandemonium.
 28655 | Orc:2    | Bought a scroll of teleportation for 36 gold pieces
 28655 | Orc:2    | Bought a scroll of teleportation for 36 gold pieces
 28760 | Orc:2    | Found a staircase to the Elven Halls.
 29181 | Elf:1    | Entered Level 1 of the Elven Halls
 29540 | D:15     | Entered Level 15 of the Dungeon
 30203 | D:15     | Reached skill level 14 in Ranged Weapons
 30266 | D:15     | Found a staircase to the Depths.
 30271 | Depths:1 | Entered Level 1 of the Depths
 31003 | D:5      | Killed Nebesus's ghost
 31342 | D:12     | Killed yokelz's ghost
 32193 | Swamp:2  | Noticed Jorgrun
 32369 | Swamp:2  | Killed Jorgrun
 32506 | Swamp:2  | Reached XP level 17. HP: 121/121 MP: 32/32
 32865 | Swamp:3  | Reached skill level 10 in Conjurations
 32865 | Swamp:3  | Reached skill level 10 in Hexes
 32865 | Swamp:3  | Reached skill level 10 in Summonings
 32865 | Swamp:3  | Reached skill level 10 in Necromancy
 32865 | Swamp:3  | Reached skill level 10 in Translocations
 32865 | Swamp:3  | Reached skill level 10 in Transmutations
 32865 | Swamp:3  | Reached skill level 10 in Fire Magic
 32865 | Swamp:3  | Reached skill level 10 in Ice Magic
 32865 | Swamp:3  | Reached skill level 10 in Air Magic
 32865 | Swamp:3  | Reached skill level 10 in Earth Magic
 32865 | Swamp:3  | Reached skill level 10 in Poison Magic
 32899 | Swamp:3  | Noticed Roxanne
 32963 | Swamp:3  | Killed Roxanne
 33444 | Swamp:4  | Entered Level 4 of the Swamp
 33810 | Swamp:3  | Learned a level 4 spell: Fulminant Prism
 33815 | Swamp:3  | Learned a level 4 spell: Summon Lightning Spire
 33867 | Swamp:3  | Noticed Kirke
 33875 | Swamp:3  | Killed Kirke
 34592 | Swamp:4  | Noticed a tentacled monstrosity
 34737 | Swamp:4  | Got a decaying rune of Zot
 35503 | Spider:1 | Reached XP level 18. HP: 128/128 MP: 34/34
 36116 | Spider:2 | Reached skill level 15 in Ranged Weapons
 37881 | Spider:3 | Identified a scroll of acquirement
 37882 | Spider:3 | Acquired 634 gold pieces
 38066 | Spider:4 | Entered Level 4 of the Spider Nest
 38143 | Spider:4 | Noticed Mlioglotl
 38144 | Spider:4 | Noticed Donald
 38252 | Spider:3 | Learned a level 5 spell: Metabolic Englaciation
 38257 | Spider:3 | Learned a level 4 spell: Olgreb's Toxic Radiance
 38515 | Spider:4 | Killed Donald
 38851 | Spider:4 | Killed Mlioglotl
 39579 | Spider:4 | Got a gossamer rune of Zot
 39932 | D:14     | Killed Azrael
 40204 | Lair:4   | Killed Nessos
 40565 | D:5      | Bought a scroll of blinking for 90 gold pieces
 40565 | D:5      | Bought a scroll of teleportation for 36 gold pieces
 40565 | D:5      | Bought a scroll of fog for 48 gold pieces
 40800 | Orc:2    | Bought a scroll of blinking for 112 gold pieces
 40802 | Orc:2    | Bought a scroll of blinking for 90 gold pieces
 40841 | Orc:2    | Learned a level 3 spell: Swiftness
 40844 | Orc:2    | Learned a level 2 spell: Wereblood
 41130 | Elf:1    | Reached XP level 19. HP: 135/135 MP: 34/36
 41300 | Elf:1    | Got the Verses on Malignant Secrets
 41384 | Elf:1    | Noticed Frances
 41452 | Elf:1    | Killed Frances
 41620 | Elf:1    | Noticed Zenata
 41833 | Elf:1    | Paralysed by an air elemental for 1 turns
 41937 | Elf:1    | Identified the ring "Otueluff" {rElec rF+}
 41942 | Elf:1    | Identified the +7 hand axe "Uxaditil" {freeze, rPois rF++
                  | Int-5}
 41944 | Elf:1    | Identified the +5 quarterstaff of Defilement {freeze, *Slow
                  | rN+ MP+9 Int+4}
 42367 | Elf:1    | Killed Zenata
 42501 | Elf:2    | Noticed Aizul
 42685 | Elf:2    | Found a runed translucent gate.
 42685 | Elf:2    | Found a runed translucent gate.
 42687 | Elf:2    | Found a runed translucent gate.
 43805 | Orc:2    | Bought a ring of willpower for 375 gold pieces
 43931 | Elf:2    | Killed Aizul
 44166 | Elf:3    | Entered Level 3 of the Elven Halls
 44234 | Elf:3    | Noticed Bai Suzhen
 44518 | Vaults:1 | Entered Level 1 of the Vaults
 44658 | Vaults:1 | Reached skill level 15 in Invocations
 44714 | Vaults:1 | Reached skill level 16 in Ranged Weapons
 44828 | Vaults:1 | Reached XP level 20. HP: 142/144 MP: 37/37
 46250 | Vaults:2 | Found Quiwa's Distillery.
 46257 | Vaults:2 | Bought a potion of curing for 51 gold pieces
 46257 | Vaults:2 | Bought a potion of heal wounds for 85 gold pieces
 46257 | Vaults:2 | Bought a potion of curing for 51 gold pieces
 46521 | Orc:2    | Bought a glowing sling for 135 gold pieces
 46559 | Orc:2    | Found Adghionu's General Store.
 46564 | Orc:2    | Found Ratwyeh's Magic Scroll Emporium.
 46667 | Orc:2    | Found a staircase to the Elven Halls.
 47957 | Vaults:2 | Found a staircase to the Crypt.
 48099 | Crypt:1  | Entered Level 1 of the Crypt
 48116 | Vaults:2 | Reached skill level 15 in Fighting
 48116 | Vaults:2 | Reached skill level 15 in Dodging
 49283 | Vaults:3 | Noticed Jory
 49754 | Vaults:3 | Killed Jory
 49755 | Vaults:3 | Reached XP level 21. HP: 146/151 MP: 36/39
 50415 | Vaults:3 | Paralysed by a great orb of eyes for 5 turns
 50431 | Vaults:3 | Reached skill level 15 in Stealth
 50849 | Vaults:3 | Learned a level 4 spell: Iskenderun's Mystic Blast
 50855 | Vaults:3 | Learned a level 5 spell: Freezing Cloud
 50928 | Vaults:3 | Found Erepeag's Armour Shoppe.
 51421 | Vaults:4 | Found Roanaab's Distillery.
 51446 | Vaults:4 | Reached skill level 15 in Short Blades
 51446 | Vaults:4 | Reached skill level 15 in Long Blades
 51446 | Vaults:4 | Reached skill level 15 in Axes
 51446 | Vaults:4 | Reached skill level 15 in Maces & Flails
 51446 | Vaults:4 | Reached skill level 15 in Polearms
 51446 | Vaults:4 | Reached skill level 15 in Staves
 51446 | Vaults:4 | Reached skill level 15 in Throwing
 51446 | Vaults:4 | Reached skill level 15 in Armour
 51446 | Vaults:4 | Reached skill level 15 in Shields
 51446 | Vaults:4 | Reached skill level 15 in Unarmed Combat
 51446 | Vaults:4 | Reached skill level 15 in Spellcasting
 51446 | Vaults:4 | Reached skill level 15 in Evocations
 51457 | Vaults:4 | Bought a potion of curing for 57 gold pieces
 51476 | Vaults:4 | Reached skill level 17 in Ranged Weapons
 51489 | Vaults:4 | Noticed Xtahua
 51663 | Vaults:4 | Noticed Rupert
 51663 | Vaults:4 | Noticed Agnes
 51672 | Vaults:4 | Killed Agnes
 51694 | Vaults:4 | Killed Rupert
 51831 | Vaults:4 | Identified the +4 mace of Lanlirot {elec, rElec rPois Int+3
                  | Dex+3}
 52542 | Vaults:4 | Killed Xtahua
 52927 | Depths:1 | Found Hyodoall's Changing Room.
 52958 | Depths:1 | Reached XP level 22. HP: 159/159 MP: 32/41
 53035 | Depths:1 | Found a gateway to Hell.
 53044 | Depths:1 | Found Xowk's General Store.
 53047 | Depths:1 | Found Hibris's Distillery.
 53047 | Depths:1 | Found Netazowe's Assorted Antiques.
 53052 | Depths:1 | Found Lujoz's Antique Armour Shop.
 53055 | Depths:1 | Bought 2 potions of curing for 114 gold pieces
 53055 | Depths:1 | Bought a potion of curing for 57 gold pieces
 53179 | Depths:1 | Found a transporter.
 53183 | Depths:1 | Found a transporter.
 53183 | Depths:1 | Found a transporter.
 53290 | Depths:1 | Found a transporter.
 53338 | Depths:1 | Noticed Sojobo
 53341 | Depths:1 | Paralysed by an air elemental for 1 turns
 53343 | Depths:1 | Paralysed by an air elemental for 1 turns
 53348 | Depths:1 | Paralysed by an air elemental for 1 turns
 53354 | Depths:1 | Paralysed by an air elemental for 1 turns
 53367 | Depths:1 | Paralysed by an air elemental for 1 turns
 53374 | Depths:1 | Paralysed by an air elemental for 1 turns
 53642 | Depths:1 | Paralysed by an air elemental for 1 turns
 53651 | Depths:1 | Killed Sojobo
 54019 | Depths:2 | Found Zatwouneta's Distillery.
 54127 | Depths:2 | Identified the +5 dagger of Severance {chaos, rF+ Int+8}
 54324 | Depths:2 | Noticed a juggernaut
 54481 | Depths:2 | Noticed the Enchantress
 55591 | Crypt:1  | Found a transporter.
 55594 | Crypt:1  | Noticed Kichio's ghost (adept OpEE)
 55630 | Crypt:1  | Found a transporter.
 57671 | Crypt:2  | Noticed Frederick
 57678 | Crypt:2  | Killed Frederick
 58704 | Depths:2 | Bought a potion of curing for 60 gold pieces
 58704 | Depths:2 | Bought a potion of resistance for 200 gold pieces
 58704 | Depths:2 | Bought a potion of curing for 60 gold pieces
 58767 | Depths:2 | Reached XP level 23. HP: 166/166 MP: 42/42
 58841 | Depths:2 | Identified the +7 broad axe "Fod Xyh" {flame, Str+4 Dex+5}
 59117 | Depths:2 | Killed a juggernaut
 59315 | Depths:2 | Found a white marble altar of Elyvilon.
 59976 | Depths:3 | Found a flickering gateway to a bazaar.
 59989 | Bazaar   | Entered a bazaar
 60010 | Bazaar   | Found Bedogat's Antique Armour Boutique.
 60024 | Bazaar   | Found Jigivot's Assorted Antiques.
 60052 | Bazaar   | Found Jorairr's Book Shop.
 60067 | Bazaar   | Found Biaczem's Jewellery Boutique.
 60141 | Bazaar   | Bought the amulet of Xemeikeo {Reflect Regen+ Str+6 Int+2
                  | SH+5 SInv} for 928 gold pieces
 60214 | Bazaar   | Bought a twisted helmet for 256 gold pieces
 60214 | Bazaar   | Identified the +0 helmet of Ediy {rN+ Str+3} (You bought it
                  | in a shop in a bazaar)
 60328 | Depths:3 | Noticed a golden dragon
 60574 | Orc:2    | Bought an Everburning Encyclopedia for 338 gold pieces
 60578 | Orc:2    | Learned a level 3 spell: Ignite Poison
 61242 | Depths:3 | Reached skill level 18 in Ranged Weapons
 61380 | Depths:3 | Killed the Enchantress
 61462 | Depths:3 | Noticed a golden dragon
 61467 | Depths:3 | Killed a golden dragon
 61474 | Depths:3 | Noticed a golden dragon
 61481 | Depths:3 | Killed a golden dragon
 61834 | Depths:3 | Killed a golden dragon
 62551 | Depths:4 | Entered Level 4 of the Depths
 62757 | Depths:4 | Found a one-way gateway to a ziggurat.
 62774 | Depths:4 | Noticed Saint Roka
 63731 | Crypt:3  | Entered Level 3 of the Crypt
 64234 | Crypt:3  | Reached XP level 24. HP: 175/175 MP: 41/43
 64512 | Crypt:3  | Found a staircase to the Tomb.
 64759 | Crypt:3  | Identified the amulet of Xom's Bemusement {rF+ Will+
                  | Regen+}
 64759 | Crypt:3  | Identified the amulet "Zusonnum" {rElec Regen+ Int+4}
 64759 | Crypt:3  | Identified the ring of Idweas {*Corrode rElec rN+ Dex+6}
 65713 | Crypt:3  | Identified the ring "Ypnufur" {Str+5 Dex+6 SInv Stlth-}
 65717 | Crypt:3  | Identified the +0 scale mail of Whack-A-Mole {Dex+6}
 66247 | Elf:3    | Found a shimmering blue altar of Sif Muna.
 66801 | Elf:3    | Killed Bai Suzhen
 67235 | Elf:3    | Identified the +3 broad axe of Hacking and Slashing {holy,
                  | *Noise rElec rF- rCorr}
 67653 | Elf:3    | Identified the +2 mace "Ibbuusto" {venom, *Corrode Fragile
                  | rF+ rN++ Int+10}
 67726 | Elf:3    | Identified the +9 great sword of Qiaq {spect, rF+ rC+}
 67759 | Elf:3    | Identified the +11 triple crossbow of Megalomania {flame,
                  | +Blink rElec rF- Int+9}
 67835 | Elf:3    | Identified the +11 rapier of Absolution {drain, Int+3
                  | Dex+6}
 67873 | Elf:3    | Identified the +2 dagger "Docreph" {vorpal, rPois rN+ rCorr
                  | Str+4 Int-2}
 68491 | Depths:2 | Bought a potion of resistance for 200 gold pieces
 69000 | Depths:4 | Killed Saint Roka
 69063 | Depths:4 | Reached skill level 19 in Ranged Weapons
 69188 | Depths:4 | Found a runed translucent gate.
 69188 | Depths:4 | Found a runed translucent gate.
 69188 | Depths:4 | Found a runed translucent gate.
 69190 | Depths:4 | Noticed a caustic shrike
 69192 | Depths:4 | Noticed Pein's ghost (veteran DrFE)
 69385 | Depths:4 | Reached XP level 25. HP: 165/182 MP: 38/44
 69711 | Depths:4 | Found a gate to the Realm of Zot.
 70008 | Depths:4 | Identified the +1 pair of gloves "Dethrojeg" {rC+}
 70162 | Depths:4 | Got Yhayn's Second Course in Spellcasting
 71215 | Vaults:5 | Entered Level 5 of the Vaults
 71435 | Vaults:4 | Reached skill level 15 in Conjurations
 71435 | Vaults:4 | Reached skill level 15 in Hexes
 71435 | Vaults:4 | Reached skill level 15 in Summonings
 71435 | Vaults:4 | Reached skill level 15 in Necromancy
 71435 | Vaults:4 | Reached skill level 15 in Translocations
 71435 | Vaults:4 | Reached skill level 15 in Transmutations
 71435 | Vaults:4 | Reached skill level 15 in Fire Magic
 71435 | Vaults:4 | Reached skill level 15 in Ice Magic
 71435 | Vaults:4 | Reached skill level 15 in Air Magic
 71435 | Vaults:4 | Reached skill level 15 in Earth Magic
 71435 | Vaults:4 | Reached skill level 15 in Poison Magic
 71563 | Vaults:5 | Noticed a dread lich
 72191 | Slime:3  | Gained mutation: You have hidden genetic defects. [a
                  | shining eye]
 72422 | Slime:5  | Entered Level 5 of the Pits of Slime
 72653 | Slime:5  | Gained mutation: Your spells are a little easier to cast,
                  | but a little less powerful. [a shining eye]
 72658 | Slime:5  | Noticed the Royal Jelly
 72726 | Slime:5  | Reached skill level 20 in Ranged Weapons
 73349 | Vaults:4 | Killed a dread lich
 73378 | Vaults:4 | Gained mutation: You occasionally shout uncontrollably at
                  | your foes. [hidden defects]
 73537 | Crypt:2  | Lost mutation: You occasionally shout uncontrollably at
                  | your foes. [potion of mutation]
 73537 | Crypt:2  | Lost mutation: Your spells are a little easier to cast, but
                  | a little less powerful. [potion of mutation]
 73537 | Crypt:2  | Lost mutation: You have hidden genetic defects. [potion of
                  | mutation]
 73537 | Crypt:2  | Gained mutation: You are agile. (Dex +4, Str/Int -1)
                  | [potion of mutation]
 73539 | Crypt:2  | Upgraded the game from 0.29-a0-1065-g47a6bb87d6 to
                  | 0.30-a0-2-gf48d83f5e2
 73713 | Vaults:4 | Learned a level 6 spell: Statue Form
 73719 | Vaults:4 | Learned a level 5 spell: Summon Forest
 73741 | Vaults:4 | Learned a level 6 spell: Summon Cactus Giant
 73780 | Vaults:5 | Got Muprurot's Collected Works on Frore Hexes
 73786 | Vaults:5 | Identified the +9 morningstar "Hilof" {venom, Fly rElec
                  | Will-}
 73888 | Vaults:5 | Reached XP level 26. HP: 191/191 MP: 41/44
 74904 | Vaults:5 | Got a silver rune of Zot
 75172 | Vaults:5 | Got the Folio of Clouds
 75180 | Vaults:5 | Got Ogeh's Teachings on Distorted Combat Magic
 76185 | Vaults:5 | Got the Grimoire of the Boulder
 76376 | Vaults:4 | Bought a potion of brilliance for 76 gold pieces
 76376 | Vaults:4 | Bought a potion of brilliance for 76 gold pieces
 76929 | Zot:1    | Entered Level 1 of the Realm of Zot
 77124 | Zot:1    | Found a white marble altar of Elyvilon.
 77135 | Zot:1    | Upgraded the game from 0.30-a0-2-gf48d83f5e2 to
                  | 0.30-a0-4-ga7cffc901d
 77415 | Zot:1    | Identified the amulet "Fywi" {Reflect rF+ Int+3 SH+5}
 77725 | Zot:1    | Reached skill level 21 in Ranged Weapons
 78982 | Zot:2    | Noticed an orb of fire
 78987 | Zot:2    | Gained mutation: You occasionally lose the ability to read
                  | scrolls when taking damage. [an orb of fire]
 78989 | Zot:2    | Killed an orb of fire
 78995 | Zot:2    | Noticed an orb of fire
 79008 | Zot:2    | HP: 6/193 [orb of fire/bolt of fire (14)]
 79021 | Zot:2    | Gained mutation: You are frail. (-10% HP) [an orb of fire]
 79149 | Zot:2    | Gained mutation: Armour fits poorly on your strangely
                  | shaped body. [an orb of fire]
 79154 | Zot:2    | Gained mutation: You are partially covered in iridescent
                  | scales. (AC +2) [an orb of fire]
 79162 | Zot:2    | Killed an orb of fire
 79208 | Zot:1    | Lost mutation: Armour fits poorly on your strangely shaped
                  | body. [potion of mutation]
 79208 | Zot:1    | Lost mutation: You are partially covered in iridescent
                  | scales. (AC +2) [potion of mutation]
 79208 | Zot:1    | Lost mutation: You are agile. (Dex +4, Str/Int -1) [potion
                  | of mutation]
 79208 | Zot:1    | Gained mutation: Armour fits poorly on your strangely
                  | shaped body. [potion of mutation]
 79208 | Zot:1    | Gained mutation: You sometimes lose your temper in combat.
                  | [potion of mutation]
 79208 | Zot:1    | Gained mutation: You are resistant to electric shocks.
                  | (rElec) [potion of mutation]
 79350 | Depths:1 | Bought a potion of mutation for 344 gold pieces
 79350 | Depths:1 | Lost mutation: Armour fits poorly on your strangely shaped
                  | body. [potion of mutation]
 79350 | Depths:1 | Lost mutation: You sometimes lose your temper in combat.
                  | [potion of mutation]
 79350 | Depths:1 | Lost mutation: You occasionally lose the ability to read
                  | scrolls when taking damage. [potion of mutation]
 79350 | Depths:1 | Gained mutation: Your flesh is cold resistant. (rC+)
                  | [potion of mutation]
 80255 | Zot:3    | Noticed Vv
 80266 | Zot:2    | Reached XP level 27. HP: 139/176 MP: 13/45
 80746 | Zot:3    | Killed Vv
 81422 | Zot:5    | Entered Level 5 of the Realm of Zot
 81589 | Zot:4    | Got Goduqyar's Grimoire of Shadowy Glamour
 82375 | Zot:4    | Noticed an orb of fire
 82395 | Zot:4    | Killed an orb of fire
 83572 | Depths:1 | Bought a scroll of fog for 44 gold pieces
 83914 | Orc:2    | Bought a scroll of silence for 114 gold pieces
 84203 | Vaults:2 | Bought 2 potions of magic for 272 gold pieces
 84376 | Depths:1 | Bought a potion of haste for 190 gold pieces
 84376 | Depths:1 | Bought a potion of haste for 190 gold pieces
 84376 | Depths:1 | Bought a potion of might for 76 gold pieces
 84676 | Lair:3   | Upgraded the game from 0.30-a0-4-ga7cffc901d to
                  | 0.30-a0-6-g7c9e10e132
 84685 | Lair:3   | Learned a level 6 spell: Iron Shot
 85324 | Zot:5    | Reached skill level 22 in Ranged Weapons
 85390 | Zot:5    | Noticed an orb of fire
 85441 | Zot:5    | Noticed a dread lich
 85446 | Zot:5    | Noticed a dread lich
 85454 | Zot:5    | Killed an orb of fire
 85456 | Zot:5    | Killed a dread lich
 85531 | Zot:5    | Killed an ancient lich
 85675 | Zot:5    | Noticed a dread lich
 85675 | Zot:5    | Noticed an orb of fire
 85676 | Zot:5    | Gained mutation: You are dopey. (Int -2) [an orb of fire]
 85683 | Zot:5    | Gained mutation: You are weak. (Str -2) [an orb of fire]
 85687 | Zot:5    | Gained mutation: Armour fits poorly on your strangely
                  | shaped body. [an orb of fire]
 85688 | Zot:5    | Gained mutation: You are very frail. (-20% HP) [an orb of
                  | fire]
 85691 | Zot:5    | Gained mutation: You are clumsy. (Dex -2) [an orb of fire]
 85692 | Zot:5    | Killed an orb of fire
 85695 | Zot:5    | Killed a dread lich
 86998 | Zot:5    | Killed a dread lich
 87567 | Zot:5    | Noticed a dread lich
 87573 | Zot:5    | Killed a dread lich
 87797 | Zot:3    | Lost mutation: Armour fits poorly on your strangely shaped
                  | body. [potion of mutation]
 87797 | Zot:3    | Lost mutation: Your flesh is cold resistant. (rC+) [potion
                  | of mutation]
 87797 | Zot:3    | Gained mutation: You have sharp toenails. [potion of
                  | mutation]
 87797 | Zot:3    | Gained mutation: You have a pair of small horns on your
                  | head. [potion of mutation]
 88251 | Swamp:4  | Lost mutation: You are dopey. (Int -2) [potion of mutation]
 88251 | Swamp:4  | Lost mutation: You are clumsy. (Dex -2) [potion of
                  | mutation]
 88251 | Swamp:4  | Lost mutation: You have sharp toenails. [potion of
                  | mutation]
 88251 | Swamp:4  | Gained mutation: You are strong-willed. (Will+) [potion of
                  | mutation]
 89068 | Zot:5    | Got the Orb of Zot
 89108 | Zot:5    | Noticed Railiki the pandemonium lord
 89147 | Zot:5    | Noticed Jisewk the pandemonium lord
 89152 | Zot:5    | Noticed Maloarch the pandemonium lord
 89172 | Zot:5    | Noticed Ommosag the pandemonium lord
 89198 | Zot:4    | Killed Ommosag the pandemonium lord
 89820 | D:4      | Killed Dowan
 89824 | D:4      | Killed Duvessa
 89935 | D:$      | Escaped with the Orb!

Illustrated notes

Levels and vault maps discovered:
D:1:      lightli_arrival_lavapool, layout_loops_cross
D:2:      layout_basic, basic_altar, uniq_terence
D:3:      layout_basic, lemuel_round_altar, chequers_ecumenical_altar_lobes
D:4:      layout_basic, okawaru_metal_pillars_3, ebering_ghost_disaster_area,
          uniq_sigmund, uniq_duvessa
D:5:      layout_loops_ring, grunt_temple_overflow_open, serial_shops,
          nicolae_shop_behind_doors, gammafunk_ghost_abyssal_escape, uniq_pikel
D:6:      layout_loops_ring, lemuel_crystal_altar, nicolae_shop_firing_range,
          uniq_grinder
D:7:      layout_cave_pods, temple_green, serial_park, serial_park_paths
          [serial_park_minivault_5x5_5], serial_park_tiny_pond,
          serial_park_gazebo [serial_park_minivault_5x5_4], serial_park_square2,
          serial_park_tiny_1, hangedman_decor_points
D:8:      kennysheep_big_flooded_room, layout_loops_corners,
          mainiacjoe_overflow_alcove_4, nicolae_ossuary_entry_catacombs
D:9:      layout_basic, vehumet_statue, minmay_lizard_king
D:10:     layout_big_octagon
D:11:     layout_long_grid, dpeg_oklobed_lair, special_room [special_room_bee],
          nicolae_underground_beach, uniq_fannar
D:12:     layout_loops_ring, zombieorc2_lemuel, gammafunk_ghost_hive,
          nicolae_tso_swordbearing_angel
D:13:     layout_long_grid, david_vaults_1, gauntlet_entry_generic,
          nrook_loot_triangle
D:14:     layout_long_grid, dreamdust_wishing_well, uniq_azrael
D:15:     hangedman_depths_entry_civil_slaughter, layout_basic,
          roderic_lattice_a
Temple:   nicolae_temple_godzebo
Lair:1:   layout_small_grid, beast_lair_carwin_11
Lair:2:   layout_gridlike, spider_nest_entry_webs, portal_ice_cave_rime
Lair:3:   mu_elephants_graveyard, layout_gridlike, minmay_swamp_entry_worms,
          serial_bayou, serial_bayou_lagoon_b, serial_bayou_ford_a,
          serial_bayou_pond_b, serial_bayou_shore_b,
          chequers_serial_rivers_room_a
Lair:4:   layout_misc_corridors, dreamdust_mushroom_princess,
          infiniplex_staircase_pool, uniq_nessos
Lair:5:   evilmike_catoblepas_cave, layout_cave_pods,
          minmay_slime_entry_oklob_enclosed, grunt_megastairs_5,
          serial_bayou_shore_b, serial_bayou_shore_a
Swamp:1:  layout_basic_swamp, hangedman_swamp_blocks, swamp_pool1,
          hangedman_swamp_ravenous
Swamp:2:  layout_falls_marsh, evilmike_swamp_ruin_house_3, uniq_jorgrun
Swamp:3:  layout_basic_swamp, evilmike_swamp_ruin_rubble_1, swamp_pool1,
          uniq_kirke, uniq_roxanne
Swamp:4:  swamp_vile, layout_basic_swamp, swamp_pool4
Spider:1: layout_spider_delve
Spider:2: layout_spider_delve, nicolae_spider_webbed_stairs
Spider:3: layout_chambers
Spider:4: grunt_spider_rune_circles, nicolae_spider_webs_and_nodes, uniq_donald,
          uniq_mlioglotl
Slime:1:  layout_caves
Slime:2:  layout_caves
Slime:3:  layout_caves
Slime:4:  layout_caves
Slime:5
Orc:1:    layout_diamond_mine, rock_pile, uniq_maurice
Orc:2:    pf_orc_diabolical, layout_diamond_mine, basic_altar, uniq_erolcha
Elf:1:    minmay_elf_arrival_summoners, layout_geoelf_diagonals,
          minmay_elf_necromancy, minmay_the_grid_2x2 [minmay_the_grid_odd_star,
          minmay_the_grid_diamond_grid, minmay_the_grid_medium_cups,
          minmay_the_grid_prize_diamond_cup], uniq_frances, uniq_zenata
Elf:2:    nicolae_elf_blades_splatter_lattice [nicolae_blade_lattice],
          layout_gridlike, corner_web_ring, uniq_aizul
Elf:3:    elf_hall_gauntlet_narrow, layout_loops_ring, basic_altar, drop_trap,
          uniq_bai_suzhen
Vaults:1: v_rooms_5, nicolae_vaults_bisected_exclaves, st_spiral_rooms,
          hangedman_vaults_capsules, vaults_room_corners, vaults_dpeg_ring,
          grunt_vaults_hallway_short, ontoclasm_vaults_twist, v_misc_29,
          ontoclasm_vaults_decontamination, layout_vaults_omnibox
Vaults:2: vaults_dpeg_spiral, ontoclasm_vaults_shuriken, v_misc_27,
          vaults_room_grid, hangedman_vaults_stitches,
          minmay_crypt_entry_simple_round, vaults_room_hallway,
          ontoclasm_vaults_eye, nicolae_vaults_little_ls, vaults_room_pool,
          nicolae_vaults_angled_halls, layout_vaults_omnigrid, serial_shops,
          nicolae_square_shop
Vaults:3: nicolae_vaults_triangles, v_misc_26, vaults_room_hangedman_quadrants,
          hangedman_vaults_unwind, v_misc_23, vaults_room_pools,
          nicolae_vaults_yaktaur_gun_rack, nicolae_vaults_border_crossing,
          nicolae_vaults_gold_heap, layout_vaults_big_room, serial_shops,
          nicolae_shop_window_shopping, uniq_jory
Vaults:4: ontoclasm_vaults_ring_square, sword_in_stone, v_misc_17,
          vaults_dpeg_hooks, nicolae_vaults_alarming, vaults_room_ringed_pool,
          ontoclasm_vaults_bender, v_misc_18, v_misc_1,
          nicolae_vaults_network_square, ontoclasm_vaults_spin, v_misc_30,
          v_alt_pattern_1, layout_vaults_maze_snakey, serial_shops,
          nicolae_shop_crystal, uniq_xtahua
Vaults:5: serial_shops
Crypt:1:  layout_regular_city, gammafunk_ghost_arena, minivault_11
Crypt:2:  layout_gridlike, uniq_frederick
Crypt:3:  due_elkab, layout_chaotic_city
Depths:1: layout_cave_shapes, lightli_enter_wizlab_magi_temple, hell_entry,
          minmay_strange_pillars, nicolae_transmutations_shop,
          corexii_leaking_fountain, nicolae_diode_intersection,
          minmay_shoptagon, uniq_sojobo
Depths:2: nzn_winding_woodlands_stair_trap [nzn_winding_woodlands_5x15_crooked,
          nzn_winding_woodlands_5x15_sawtooth,
          nzn_winding_woodlands_5x15_longhouse,
          nzn_winding_woodlands_15x15_five_gardens,
          nzn_winding_woodlands_5x15_twine,
          nzn_winding_woodlands_5x15_split_checker,
          nzn_winding_woodlands_5x15_concentric], layout_gridlike, pan_entry,
          serial_shops, nicolae_stop_n_shop_1, hell_entry, hangedman_decor_push,
          elyvilon_altar_1, uniq_enchantress
Depths:3: hangedman_cross_stitches, layout_basic, minmay_holes, serial_shops,
          bzr_in_the_mist, abyss_entry, pf_hell_entry_tar_spiral,
          nicolae_figureground_sparkle
Depths:4: lemuel_castle_with_subvaults [lemuel_castle_interior_carwin_2],
          layout_gridville, enter_ziggurat_f, minmay_misc_feat_encased,
          hangedman_coc_ice_floe, gammafunk_ghost_tricky_traps, uniq_saint_roka
Zot:1:    grunt_twist_and_shout, layout_cathedral_of_symmetry, basic_altar
Zot:2:    layout_misc_corridors
Zot:3:    layout_onion_interference, uniq_vv
Zot:4:    layout_cathedral_of_symmetry, grunt_megastairs_2
Zot:5:    layout_misc_corridors

Skill      XL: |  1  2  3  4  5  6  7  8  9 10 11 12 13 14 15 16 17 18 19 20 21 22 23 24 25 26 27 |
---------------+----------------------------------------------------------------------------------+-----
Invocations    | 1 2 3 4 5 6 7 8 9 10 11 12 13 14 15 16 17 18 19 20 21 | 21.0
Short Blades   | 1 2 3 5 6 7 8 9 10 11 12 13 14 15 16 17 18 19 | 19.4
Long Blades    | 1 2 3 5 6 7 8 9 10 11 12 13 14 15 16 17 18 19 | 19.4
Axes           | 1 2 3 5 6 7 8 9 10 11 12 13 14 15 16 17 18 19 | 19.4
Maces & Flails | 1 2 3 5 6 7 8 9 10 11 12 13 14 15 16 17 18 19 | 19.4
Polearms       | 1 2 3 5 6 7 8 9 10 11 12 13 14 15 16 17 18 19 | 19.4
Staves         | 1 2 3 5 6 7 8 9 10 11 12 13 14 15 16 17 18 19 | 19.4
Throwing       | 1 2 3 5 6 7 8 9 10 11 12 13 14 15 16 17 18 19 | 19.4
Armour         | 1 2 3 5 6 7 8 9 10 11 12 13 14 15 16 17 18 19 | 19.4
Shields        | 1 2 3 5 6 7 8 9 10 11 12 13 14 15 16 17 18 19 | 19.4
Unarmed Combat | 1 2 3 5 6 7 8 9 10 11 12 13 14 15 16 17 18 19 | 19.4
Spellcasting   | 1 2 3 5 6 7 8 9 10 11 12 13 14 15 16 17 18 19 | 19.4
Evocations     | 1 2 3 5 6 7 8 9 10 11 12 13 14 15 16 17 18 19 | 19.4
Conjurations   | 1 2 3 4 5 6 7 8 9 10 11 12 13 14 15 16 | 16.6
Hexes          | 1 2 3 4 5 6 7 8 9 10 11 12 13 14 15 16 | 16.6
Summonings     | 1 2 3 4 5 6 7 8 9 10 11 12 13 14 15 16 | 16.6
Necromancy     | 1 2 3 4 5 6 7 8 9 10 11 12 13 14 15 16 | 16.6
Translocations | 1 2 3 4 5 6 7 8 9 10 11 12 13 14 15 16 | 16.6
Transmutations | 1 2 3 4 5 6 7 8 9 10 11 12 13 14 15 16 | 16.6
Fire Magic     | 1 2 3 4 5 6 7 8 9 10 11 12 13 14 15 16 | 16.6
Ice Magic      | 1 2 3 4 5 6 7 8 9 10 11 12 13 14 15 16 | 16.6
Air Magic      | 1 2 3 4 5 6 7 8 9 10 11 12 13 14 15 16 | 16.6
Earth Magic    | 1 2 3 4 5 6 7 8 9 10 11 12 13 14 15 16 | 16.6
Poison Magic   | 1 2 3 4 5 6 7 8 9 10 11 12 13 14 15 16 | 16.6
Stealth        | 3 4 5 6 7 8 9 10 11 12 13 14 15 16 17 18 19 | 19.6
Fighting       | 5 6 7 8 9 10 11 12 13 14 15 16 17 18 19 | 19.9
Dodging        | 5 6 7 8 9 10 11 12 13 14 15 16 17 19 20 21 | 21.8
Ranged Weapons | 9 10 11 12 13 14 15 16 17 18 19 20 21 22 | 22.7

Action                   |  1- 3 |  4- 6 |  7- 9 | 10-12 | 13-15 | 16-18 | 19-21 | 22-24 | 25-27 || total
-------------------------+-------+-------+-------+-------+-------+-------+-------+-------+-------++-------
Melee: Dagger            |       |    45 |    35 |    61 |    35 |       |       |       |       ||   176
       Bite              |       |     3 |    49 |    23 |    94 |     4 |    57 |    75 |    48 ||   353
       Punch             |       |     1 |    12 |     8 |    40 |     1 |     4 |       |       ||    66
       Flail             |       |     2 |   288 |   119 |   502 |       |       |       |       ||   911
       Arbalest          |       |       |       |       |     1 |       |       |       |       ||     1
       Hand crossbow     |       |       |       |       |     1 |     4 |       |     1 |       ||     6
       Battleaxe         |       |       |       |       |       |    24 |       |       |       ||    24
       Double sword      |       |       |       |       |       |       |   267 |   308 |   238 ||   813
       Broad axe         |       |       |       |       |       |       |       |    25 |       ||    25
       Great sword       |       |       |       |       |       |       |       |    45 |    10 ||    55
       Headbutt          |       |       |       |       |       |       |       |       |     3 ||     3
 Fire: Shortbow          |    73 |   143 |    25 |   161 |    57 |       |       |       |       ||   459
       Arbalest          |       |       |       |   240 |   470 |       |       |       |       ||   710
       Hand crossbow     |       |       |       |       |   206 |  1032 |   687 |   834 |   891 ||  3650
       Triple crossbow   |       |       |       |       |       |       |       |    25 |    27 ||    52
Throw: Javelin           |       |       |    11 |     5 |       |       |     5 |       |       ||    21
       Dart              |       |       |     1 |     2 |       |       |       |       |       ||     3
       Throwing net      |       |       |       |     1 |       |       |       |       |       ||     1
 Cast: Ozocubu's Armour  |       |       |       |       |     4 |    11 |     6 |    18 |     5 ||    44
       Poisonous Vapours |       |       |       |       |     2 |       |       |     4 |     1 ||     7
       Summon Lightning  |       |       |       |       |       |    38 |    45 |    96 |    67 ||   246
       Blink             |       |       |       |       |       |     1 |       |       |       ||     1
       Fulminant Prism   |       |       |       |       |       |     5 |     3 |     2 |     2 ||    12
       Metabolic Englaci |       |       |       |       |       |     2 |    14 |       |     3 ||    19
       Olgreb's Toxic Ra |       |       |       |       |       |       |    25 |    13 |     4 ||    42
       Swiftness         |       |       |       |       |       |       |     3 |     2 |       ||     5
       Wereblood         |       |       |       |       |       |       |     1 |    13 |     4 ||    18
       Iskenderun's Myst |       |       |       |       |       |       |       |     5 |     4 ||     9
       Ignite Poison     |       |       |       |       |       |       |       |    12 |     4 ||    16
       Freezing Cloud    |       |       |       |       |       |       |       |     7 |     8 ||    15
       Summon Forest     |       |       |       |       |       |       |       |       |    16 ||    16
       Summon Cactus Gia |       |       |       |       |       |       |       |       |    52 ||    52
       Statue Form       |       |       |       |       |       |       |       |       |     2 ||     2
       Iron Shot         |       |       |       |       |       |       |       |       |    12 ||    12
Invok: Ancestor Identity |       |       |     1 |       |       |       |       |       |       ||     1
       Ancestor Life: Kn |       |       |       |     1 |       |       |       |       |       ||     1
       Recall Ancestor   |       |       |       |     2 |     3 |     3 |       |    10 |    13 ||    31
       Idealise          |       |       |       |       |       |       |     3 |     2 |     2 ||     7
Evoke: Wand              |       |       |       |     2 |     8 |     5 |       |     1 |     2 ||    18
       Condenser vane    |       |       |       |       |     1 |       |       |     1 |     1 ||     3
       Tin of tremorston |       |       |       |       |       |     2 |     3 |     2 |       ||     7
       Phantom mirror    |       |       |       |       |       |     1 |     1 |     1 |       ||     3
       Lightning rod     |       |       |       |       |       |       |       |       |     4 ||     4
  Use: Scroll            |     2 |    10 |     4 |     9 |     7 |    12 |    12 |     6 |    24 ||    86
       Potion            |       |     2 |       |       |     6 |     3 |     2 |     4 |    31 ||    48
 Stab: Distracted        |       |       |     5 |     3 |     6 |       |     6 |    12 |     7 ||    39
       Sleeping          |       |       |     9 |     2 |       |       |     6 |     1 |       ||    18
Armor: Leather armour    |     1 |    21 |   125 |    78 |   193 |    32 |       |       |       ||   450
       Swamp dragon scal |       |       |       |       |       |   101 |   140 |   227 |   146 ||   614
       Skin              |       |       |       |       |       |       |       |       |     7 ||     7
Dodge: Dodged            |    13 |    40 |   272 |   233 |   609 |   641 |   296 |   465 |   433 ||  3002
Block: Other             |       |       |       |    61 |   150 |   112 |    20 |     6 |     2 ||   351
       Reflection        |       |       |       |     4 |     3 |     5 |    18 |     9 |     8 ||    47
       Kite shield       |       |       |       |       |       |       |   315 |   648 |   406 ||  1369

Table legend: (Time is in decaauts)
 A = Elapsed time spent in this place.
 B = Non-inter-level travel time spent in this place.
 C = Inter-level travel time spent in this place.
 D = Time resting spent in this place.
 E = Time spent auto-exploring this place.
 F = Levels seen in this place.
 G = Mean time per level.
                   A        B        C        D        E       F      G
               +--------+--------+--------+--------+--------+-----+--------+
         Total |  91112 |  73571 |  17541 |  16601 |  19959 |  59 | 1544.3 |
       Dungeon |  24689 |  18149 |   6540 |   4274 |   7502 |  15 | 1645.9 |
        Temple |    149 |    116 |     33 |      0 |    109 |   1 |  149.0 |
          Lair |   9173 |   7689 |   1484 |   1896 |   2478 |   5 | 1834.6 |
         Swamp |   4046 |   3597 |    449 |    676 |   1186 |   4 | 1011.5 |
   Spider Nest |   4827 |   4609 |    218 |   1261 |   1279 |   4 | 1206.8 |
    Slime Pits |   1025 |   1024 |      1 |    162 |     98 |   5 |  205.0 |
  Orcish Mines |   3805 |   2566 |   1239 |    395 |   1165 |   2 | 1902.5 |
   Elven Halls |   5895 |   5103 |    792 |    925 |    958 |   3 | 1965.0 |
        Vaults |  12501 |   9978 |   2523 |   2412 |   2217 |   5 | 2500.2 |
         Crypt |   5161 |   4619 |    542 |    668 |    486 |   3 | 1720.3 |
        Depths |   9793 |   7549 |   2244 |   1592 |   1077 |   4 | 2448.2 |
           Zot |   9021 |   7548 |   1473 |   2040 |   1344 |   5 | 1804.2 |
        Bazaar |    324 |    324 |      0 |      0 |     20 |   1 |  324.0 |
       Ossuary |    445 |    445 |      0 |    192 |      0 |   1 |  445.0 |
      Ice Cave |    250 |    250 |      0 |    103 |     37 |   1 |  250.0 |
               +--------+--------+--------+--------+--------+-----+--------+

Top non-repeatable levels by time:
Vaults:2: 3036 daAuts
Depths:3: 2908 daAuts
   Orc:2: 2845 daAuts
Vaults:5: 2675 daAuts
     D:8: 2599 daAuts
   Zot:1: 2525 daAuts
Vaults:1: 2460 daAuts
  Lair:3: 2440 daAuts
   Zot:5: 2427 daAuts
    D:11: 2384 daAuts
Depths:2: 2364 daAuts
Depths:4: 2305 daAuts
Depths:1: 2215 daAuts
Vaults:3: 2214 daAuts
    D:13: 2205 daAuts
